 Dungeon Crawl Stone Soup version 0.29-a0-506-ga2e7fffb44 (webtiles) character file.

Game seed: 988294620554857385

332350 dolemite99 the Fencer (level 20, -5/155 (160) HPs)
             Began as a Demonspawn Fighter on May 28, 2022.
             Was a High Priest of Dithmenos.
             Slain by a vampire knight
             ... wielding a +3 war axe
              (15 damage)
             ... on level 1 of the Depths.
             The game lasted 01:58:10 (90186 turns).

dolemite99 the Fencer (Demonspawn Fighter)         Turns: 90186, Time: 01:58:11

HP:   -5/155 (160)  AC: 29    Str: 21    XL:     20   Next: 89%
MP:   20/28         EV: 18    Int: 10    God:    Dithmenos [*****.]
Gold: 578           SH: 23    Dex: 29    Spells: 17/19 levels left

rFire   + . .      SeeInvis .   a - +3 scimitar "Heva Wiutaa" {elec, Dex+6}
rCold   + + .      Faith    .   N - +2 kite shield
rNeg    + + +      Spirit   .   k - +7 chain mail {rF+}
rPois   ∞          Reflect  +   J - +2 helmet
rElec   +          Harm     .   S - +1 cloak of Niexiod {rElec rPois rF- rC+}
rCorr   .          Rampage  .   L - +2 pair of gloves
Will    ∞                       (boots unavailable)
Stlth   ++++......              Q - amulet of reflection
HPRegen 0.35/turn               c - +6 ring of dexterity {=R}
MPRegen 0.21/turn               s - ring "Qoghak" {Fly rF+ rC+ Stlth+}

@: shadow-form, flying, wreathed by umbra, lightly drained, invisible
A: shadow resist, half damage, bleed smoke, invisible, hooves 3, foul stench 3,
spiny 2, sturdy frame 2, corrupting presence 1
}: 2/15 runes: barnacled, gossamer
a: End Transformation, Renounce Religion, Shadow Step, Shadow Form


You were on level 1 of the Depths.
You worshipped Dithmenos.
Dithmenos was extremely pleased with you.
You were a swirling mass of dark shadows.
You visited 9 branches of the dungeon, and saw 40 of its levels.
You visited 1 bazaar.
You also visited: Sewer.

You collected 3639 gold pieces.
You spent 3061 gold pieces at shops.

Inventory:

Hand Weapons
 a - the +3 scimitar "Heva Wiutaa" (weapon) {elec, Dex+6}
   (You acquired it on level 5 of the Dungeon)

   It occasionally discharges a powerful burst of electricity upon striking a
   foe.
   Dex:       It affects your dexterity (+6).
 b - a +6 fustibalus of flaming
 q - the +7 trident "Huneicoa" {vorpal, *Slow rElec rN+}
   (You found it on level 4 of the Shoals)

   It inflicts extra damage upon your enemies.
   rElec:     It insulates you from electricity.
   rN:        It protects you from negative energy.
   *Slow:     It may slow you when you take damage.
 B - a +0 scimitar of flaming
 E - the +5 rapier of the Heart {speed, Will+ MP+9 Dex+2}
   (You took it off an orc warrior on level 1 of the Elven Halls)

   Attacks with this weapon are significantly faster.
   Dex:       It affects your dexterity (+2).
   MP:        It affects your magic capacity (+9).
   Will:      It increases your willpower.
 K - a +0 double sword
Missiles
 P - 2 throwing nets
Armour
 k - a +7 chain mail of fire resistance (worn)
 t - the +11 chain mail of the Camelopard {Int+4}
   (You found it on level 4 of the Vaults)

   Int:       It affects your intelligence (+4).
 J - a +2 helmet (worn)
 L - a +2 pair of gloves (worn)
 N - a +2 kite shield (worn)
 S - the +1 cloak of Niexiod (worn) {rElec rPois rF- rC+}
   (You found it on level 9 of the Dungeon)

   rF:        It makes you vulnerable to fire.
   rC:        It protects you from cold.
   rElec:     It insulates you from electricity.
   rPois:     It protects you from poison.
Jewellery
 c - a +6 ring of dexterity (left hand) {=R}
 g - a ring of see invisible
 l - the ring of Punoenon {Fire Int+6}
   (You found it on level 2 of the Dungeon)

   [ring of fire]

   It enhances your fire magic.
   Int:       It affects your intelligence (+6).
   rF:        It protects you from fire.
   rC:        It makes you vulnerable to cold.
 o - a ring of resist corrosion
 s - the ring "Qoghak" (right hand) {Fly rF+ rC+ Stlth+}
   (You found it on level 4 of the Lair of Beasts)

   [ring of flight]

   rF:        It protects you from fire.
   rC:        It protects you from cold.
   Fly:       It grants you flight.
   Stlth:     It makes you more stealthy.
 C - a ring of positive energy
 Q - an amulet of reflection (around neck)
 W - a +4 ring of slaying
 X - the ring of Xil Ixt {rC+ rN++ rCorr Dex+6 Slay-2}
   (You found it on level 4 of the Shoals)

   [ring of dexterity]

   Dex:       It affects your dexterity (+6).
   Slay:      It affects your accuracy & damage with ranged weapons and melee
   (-2).
   rC:        It protects you from cold.
   rN:        It greatly protects you from negative energy.
   rCorr:     It protects you from acid and corrosion.
 Y - a ring of poison resistance
 Z - a ring of positive energy
Wands
 r - a wand of flame (40)
 y - a wand of acid (4)
 F - a wand of polymorph (5)
 M - a wand of charming (9)
Scrolls
 e - 3 scrolls of enchant armour
 i - 2 scrolls of silence
 j - 5 scrolls of teleportation
 m - 6 scrolls of poison
 G - 8 scrolls of blinking
 H - 21 scrolls of identify {@r1}
 U - a scroll of fear
 V - 2 scrolls of magic mapping
Potions
 f - 2 potions of might
 n - 7 potions of ambrosia
 u - a potion of haste
 v - 4 potions of cancellation
 w - 6 potions of attraction
 x - 8 potions of brilliance
 z - 2 potions of invisibility
 A - 2 potions of magic
 I - 7 potions of curing
 O - 2 potions of heal wounds
 R - 3 potions of resistance
Miscellaneous
 d - a box of beasts (inert)
 h - a lightning rod (2/4)
 p - a phial of floods
 D - a condenser vane (inert)
 T - a tin of tremorstones (1/2)


   Skills:
 - Level 14.7 Fighting
 - Level 15.0 Long Blades
 - Level 15.0 Slings
 - Level 3.0 Crossbows
 - Level 2.0(9.9) Throwing
 - Level 14.0 Armour
 - Level 9.9 Dodging
 - Level 14.6 Shields
 - Level 11.4 Invocations
 + Level 14.1 Evocations


You had 17 spell levels left.
You knew the following spells:

 Your Spells              Type           Power      Damage    Failure   Level
a - Passwall              Tmut/Erth      0%         N/A       94%         2

Your spell library contained the following spells:

 Spells                   Type           Power      Damage    Failure   Level
 Beastly Appendage        Tmut           0%         N/A       86%         1
 Magic Dart               Conj           0%         1d3       86%         1
 Shock                    Conj/Air       0%         1d3       86%         1
 Call Imp                 Summ           0%         N/A       94%         2
 Ensorcelled Hibernation  Hex/Ice        0%         N/A       94%         2
 Poisonous Vapours        Pois/Air       0%         N/A       94%         2
 Static Discharge         Conj/Air       0%         N/A       94%         2
 Sublimation of Blood     Necr           0%         N/A       94%         2
 Wereblood                Tmut           0%         N/A       94%         2
 Conjure Flame            Conj/Fire      0%         6-21      99%         3
 Dazzling Flash           Conj/Hex       0%         N/A       99%         3
 Frozen Ramparts          Ice            0%         1d2       99%         3
 Ignite Poison            Fire/Tmut/Pois 0%         N/A       99%         3
 Mephitic Cloud           Conj/Pois/Air  0%         N/A       99%         3
 Ozocubu's Armour         Ice            0%         N/A       99%         3
 Portal Projectile        Hex/Tloc       0%         N/A       99%         3
 Spider Form              Tmut/Pois      0%         N/A       99%         3
 Swiftness                Air            0%         N/A       99%         3
 Tukima's Dance           Hex            0%         N/A       99%         3
 Airstrike                Air            0%         N/A       100%        4
 Anguish                  Hex/Necr       0%         N/A       100%        4
 Corpse Rot               Necr/Pois/Air  0%         N/A       100%        4
 Dispel Undead            Necr           0%         3d6       100%        4
 Fulminant Prism          Conj/Hex       0%         3d6       100%        4
 Hailstorm                Conj/Ice       0%         3d3       100%        4
 Ice Form                 Ice/Tmut       0%         N/A       100%        4
 Iskenderun's Mystic Bla  Conj/Tloc      0%         2d3       100%        4
 Olgreb's Toxic Radiance  Pois           0%         N/A       100%        4
 Petrify                  Tmut/Erth      0%         N/A       100%        4
 Sticky Flame             Conj/Fire      0%         2d3       100%        4
 Summon Ice Beast         Ice/Summ       0%         N/A       100%        4
 Agony                    Necr           0%         N/A       100%        5
 Blade Hands              Tmut           0%         N/A       100%        5
 Freezing Cloud           Conj/Ice/Air   0%         6-21      100%        5
 Irradiate                Conj/Tmut      0%         3d13      100%        5
 Iskenderun's Battlesphe  Conj           0%         2d6       100%        5
 Metabolic Englaciation   Hex/Ice        0%         N/A       100%        5
 Silence                  Hex/Air        0%         N/A       100%        5
 Summon Forest            Summ/Tloc      0%         N/A       100%        5
 Summon Mana Viper        Hex/Summ       0%         N/A       100%        5
 Simulacrum               Ice/Necr       0%         N/A       100%        6
 Starburst                Conj/Fire      0%         6d3       100%        6
 Statue Form              Tmut/Erth      0%         N/A       100%        6
 Summon Cactus Giant      Summ           0%         N/A       100%        6
 Enfeeble                 Hex            0%         N/A       100%        7
 Ozocubu's Refrigeration  Ice            0%         4d5       100%        7
 Ignition                 Fire           0%         3d3       100%        8
 Polar Vortex             Ice            0%         N/A       100%        9


Dungeon Overview and Level Annotations

Branches:
Dungeon (15/15)            Temple (0/1) D:4            Lair (6/6) D:9
 Shoals (4/4) Lair:4       Spider (4/4) Lair:3        Slime (1/5) Lair:5
    Orc (2/2) D:11            Elf (2/3) Orc:2        Vaults (5/5) D:14
  Crypt (0/3) Vaults:2     Depths (1/4) D:15          Sewer (visited)

Altars:
Dithmenos
Fedhas
Kikubaaqudgha
Nemelex Xobeh
Qazlal
Yredelemnul
Beogh

Shops:
D:8 :   D:9 *   D:10 *   D:11 =[[   D:13 *   D:14 *   Orc:2 ?[[(   Elf:1 :(?
Elf:2 :[   Shoals:1 !   Shoals:2 (**[*   Vaults:1 *   Vaults:2 *

Portals:
Ziggurat: Depths:1

Annotations:
D:14 6 transporters
Lair:5 exclusion: downstairs
Lair:6 exclusion: obsidian statue
Shoals:3 Polyphemus
Elf:2 3 runed translucent doors


Innate Abilities, Weirdness & Mutations

You are a swirling mass of dark shadows.
You are immune to unholy torment and to willpower attacks.
Damage taken is halved, but you are drained when taking damage.
Your attacks are insubstantial and do half damage.
You bleed smoke when taking damage.
You are invisible.
You are immune to poison.
Your spellcasting is less reliable in this form.
You have hooves in place of feet.
You frequently emit foul miasma when damaged in melee.
You are mostly covered in sharp spines.
Your movements are less encumbered by armour. (ER -4)
Your presence sometimes corrodes those you injure.


Message History

The deep troll earth mage is engulfed in dark miasma.
The deep troll earth mage looks even sicker.
The deep troll earth mage seems to slow down.
The deep troll earth mage is struck by your spines.
The deep troll earth mage bites you but does no damage.
The deep troll earth mage claws you but does no damage.
The deep troll earth mage completely misses you.
You can move again.
You turn into a swirling mass of dark shadows.
You feel drained.
You fade into the shadows.
The vampire knight hits you but does no damage.
You block the vampire knight's attack.
You are unaffected.
The deep troll earth mage is engulfed in dark miasma.
The deep troll earth mage looks as sick as possible!
You block the deep troll earth mage's attack. x2
The deep troll earth mage claws you but does no damage.
You see here a +0 robe.
The vampire knight attacks as you move away!
The vampire knight hits you but does no damage.
You block the vampire knight's attack.
You kill the deep troll earth mage!
Dithmenos accepts your kill.
The troll leather armour is intact enough to wear.
You are unaffected.
You see here 12 large rocks.
The vampire knight attacks as you move away!
You block the vampire knight's attack.
The vampire knight bites you but does no damage.
The vampire knight is no longer covered in acid.
The vampire knight casts a spell at you.
The vampire knight blinks!
You block the vampire knight's attack. The vampire knight misses you.
The vampire knight is struck by your spines.
The vampire knight barely misses you.
The vampire knight bites you but does no damage.
The vampire knight casts a spell.
The vampire knight flickers and vanishes!
Deactivating autopickup; reactivate with Ctrl-A.
Something hits you!!
You die...

.....'....#.# #######.#####.##
.....#.####.######.........#..##
.......![.....................#
######.#########.#####.#......#
*#..(......# #.....##.#.######
,#.######..# ##...#..#.#)#
,*,*,**#.#.###..)###.#.#.#
,*,**,#.##.#......#..#.#.# ***
,,,**#.#*#..)(..W......#.###.#
**,*#.#,*#.#..#..{...#.......#
,*,#.#**,#.#.###...###..####'#***
,*..#****#.#..#.()## #..# *,,,,,,
**..,,,,,..##...[.# #..# *,,,,,,
******,**#######.#####..# *,*****
**,,,,,,,,,##.#.#T#.##..# *,*****
**,*******,#.....T...#.## *,*****
**,*,,,,,*,##.#.#.#.##.####T#****


You could see an iron troll (can't see you) and a deep troll.

Vanquished Creatures
  Margery (Vaults:3)
  Nikola (Vaults:1)
  Arachne (Spider:2)
  A lich (Depths:1)
  Frances (D:14)
  A sphinx (Vaults:1)
  Donald (Shoals:4)
  Louise (D:14)
  A frost giant (Depths:1)
  5 emperor scorpions
  6 ghost moths (Spider:4)
  7 vault wardens
  3 orc warlords
  11 ironbound preservers
  A war gargoyle (Vaults:3)
  4 ironbound thunderhulks
  3 very ugly things
  3 broodmothers
  4 stone giants (Depths:1)
  A vampire knight (Depths:1)
  A deep elf annihilator (Elf:1)
  8 entropy weavers
  6 dire elephants
  4 spark wasps
  2 deep elf death magi (Elf:1)
  2 ettins
  2 merfolk javelineers
  8 merfolk impalers
  11 yaktaur captains
  The ghost of Taurus the Cleaver, a journeyman MiFi of the Shining One (Orc:1)
  4 great orbs of eyes
  3 rakshasas (Depths:1)
  Fannar (D:11)
  2 peacekeepers (Vaults:3)
  Josephine (D:13)
  8 boulder beetles
  13 hydras
  2 ice dragons (Depths:1)
  9 vault guards
  2 catoblepae
  2 spriggan air magi (Depths:1)
  5 merfolk avatars
  8 ironbound frosthearts
  2 alligator snapping turtles
  2 two-headed ogres
  12 centaur warriors
  2 merfolk aquamancers
  6 dancing weapons
  A deep troll earth mage (Depths:1)
  5 radroaches
  A tengu warrior (D:15)
  A deep troll shaman (Depths:1)
  3 satyrs (Shoals:4)
  13 death yaks
  2 death scarabs (Spider:3)
  4 orc high priests
  Sonja (Lair:4)
  5 deep elf knights
  10 hell knights
  2 pharaoh ants
  11 skeletal warriors
  A spectral death yak (Lair:6)
  A sun moth (Spider:4)
  13 sea snakes
  Pikel (D:4)
  39 deep trolls
  A glowing orange brain (Vaults:3)
  A spectral anaconda (Lair:6)
  13 orb spiders
  9 steelbarb worms
  4 wizards
  9 deep elf archers
  8 orc knights
  A phantasmal warrior (Vaults:3)
  9 lindwurms
  14 deep elf pyromancers
  13 deep elf zephyrmancers
  12 harpies
  10 ironbound convokers
  8 necromancers
  11 cyclopes
  20 wolf spiders
  13 ugly things
  2 cyclopes (shapeshifter)
  13 manticores
  28 elephants
  35 slime creatures
  9 fauns
  4 orc sorcerers
  A stone giant skeleton (Vaults:4)
  A fire giant skeleton (Vaults:4)
  Maurice (D:9)
  2 moths of wrath
  3 water nymphs
  9 merfolk sirens
  An ice statue (Elf:2)
  7 black mambas
  A dire elephant zombie (Lair:6)
  13 vault sentinels
  2 gargoyles
  6 torpor snails
  Joseph (D:8)
  14 cane toads
  An unseen horror (D:13)
  3 rime drakes
  2 efreet (D:15)
  10 demonic crawlers
  A yaktaur (shapeshifter) (Elf:1)
  A kobold demonologist (D:11)
  A tengu conjurer (D:15)
  3 harpy zombies (Shoals:4)
  35 yaktaurs
  9 komodo dragons
  10 trolls
  33 merfolk
  Grinder (D:3)
  6 hornets
  3 polar bears
  5 meliai
  Prince Ribbit (D:8)
  4 wind drakes
  18 blink frogs
  9 snapping turtles
  17 tarantellas
  A snapping turtle (shapeshifter) (Depths:1)
  A spectral elephant (Lair:6)
  23 dream sheep
  16 jumping spiders
  2 air elementals (Elf:1)
  26 culicivoras
  8 water elementals
  Sigmund (D:3)
  3 shadows
  2 vampires
  8 wraiths
  A fire bat (Spider:4)
  5 wyverns
  A dire elephant simulacrum (Lair:6)
  3 basilisks
  53 yaks
  A vampire mosquito (D:12)
  An elf zombie (Vaults:4)
  40 redbacks
  2 steam dragons
  2 fire elementals
  4 wargs
  A death yak simulacrum (Lair:6)
  3 acid dragons (D:9)
  21 water moccasins
  A glowing shapeshifter skeleton (Vaults:4)
  A sky beast (D:7)
  A floating eye (D:9)
  An ogre skeleton (Vaults:4)
  2 manticore zombies (Shoals:4)
  2 swamp drakes (Lair:6)
  44 orc warriors
  5 black bears
  2 ice beasts (D:9)
  15 wolves
  3 boggarts (Vaults:3)
  5 ogres
  4 lemures
  16 centaurs
  2 phantoms
  16 bullfrogs
  7 kobold brigands
  6 scorpions
  A cane toad simulacrum (Lair:6)
  12 wights
  A killer bee (D:8)
  2 elephant simulacra
  8 electric eels
  8 howler monkeys
  8 hounds
  4 jellies
  17 orc priests
  Crazy Yiuf (D:3)
  Terence (D:2)
  6 hell rats
  Jessica (D:2)
  26 orc wizards
  2 centaur simulacra (D:9)
  4 gnolls (D:3)
  5 river rats (Lair:4)
  8 adders
  4 white imps
  An ufetubus (D:5)
  A worm (D:2)
  4 dart slugs
  93 orcs
  6 ball pythons
  2 bat zombies (Shoals:4)
  8 endoplasms
  2 giant cockroaches (D:3)
  5 goblins
  9 hobgoblins
  8 jackals
  20 kobolds
  9 quokkas
  7 bats
  3 frilled lizards
  4 rats
1445 creatures vanquished.

Vanquished Creatures (collateral kills)
  A sphinx (Vaults:1)
  An ironbound preserver (Vaults:1)
  An ironbound thunderhulk (Vaults:3)
  A deep elf annihilator (Elf:2)
  An entropy weaver (Vaults:4)
  A merfolk javelineer (Shoals:1)
  A death yak (Shoals:3)
  A dancing weapon (Elf:2)
  A deep elf knight (Elf:2)
  A pharaoh ant (Spider:4)
  A hell knight (Depths:1)
  An ironbound convoker (Vaults:1)
  A deep elf pyromancer (Elf:2)
  A merfolk siren (Shoals:1)
  2 vault sentinels
  A cane toad (Lair:6)
  2 yaktaurs
  A polar bear (Lair:6)
  2 blink frogs (Lair:4)
  A snapping turtle (Shoals:1)
  A redback (Vaults:4)
  An orc wizard (Orc:2)
  A river rat (Lair:4)
  4 orcs (Orc:2)
30 creatures vanquished.

Vanquished Creatures (others)
  An ironbound frostheart (Vaults:2)
  A merfolk aquamancer (Shoals:4)
  A hell knight (Vaults:3)
  A deep elf zephyrmancer (Elf:2)
  A deep elf pyromancer (Elf:1)
  A wolf spider (Spider:1)
  A faun (Shoals:3)
  A water elemental (D:15)
  2 orc warriors
  2 orc wizards
  2 orcs (D:10)
  86 fungi
  207 plants
  25 withered plants (Lair:6)
332 creatures vanquished.

Grand Total: 1807 creatures vanquished

Notes
Turn   | Place    | Note
-------+----------+-------------------------------------------
     0 | D:1      | dolemite99 the Demonspawn Fighter began the quest for the
                  | Orb.
     0 | D:1      | Reached XP level 1. HP: 18/18 MP: 1/1
   243 | D:1      | Gained mutation: You have large cloven feet. [demonic
                  | ancestry]
   243 | D:1      | Reached XP level 2. HP: 6/24 MP: 2/2
  1136 | D:1      | Found a faded altar of an unknown god.
  1141 | D:1      | Prayed at the altar of an unknown god.
  1141 | D:1      | Became a worshipper of Dithmenos the Shadowed
  1141 | D:1      | Reached * piety under Dithmenos
  1760 | D:2      | Gained mutation: Your movements are slightly less
                  | encumbered by armour. (ER -2) [demonic ancestry]
  1760 | D:2      | Reached XP level 3. HP: 21/29 MP: 1/3
  2100 | D:2      | Found a shadowy altar of Dithmenos.
  2359 | D:2      | Identified the ring of Punoenon {Fire Int+6}
  2372 | D:2      | Noticed Terence
  2380 | D:2      | Killed Terence
  2381 | D:2      | Gained mutation: You have hoof-like feet. [demonic
                  | ancestry]
  2381 | D:2      | Reached XP level 4. HP: 16/35 MP: 0/4
  2847 | D:2      | Noticed Jessica
  2859 | D:2      | Killed Jessica
  2923 | D:3      | Reached XP level 5. HP: 41/41 MP: 3/5
  3124 | D:3      | Found a glowing drain.
  3164 | Sewer    | Entered a sewer
  3183 | Sewer    | Reached ** piety under Dithmenos
  3395 | Sewer    | Noticed a water moccasin
  3404 | Sewer    | Killed a water moccasin
  3405 | Sewer    | Reached skill level 5 in Long Blades
  3784 | D:3      | Reached XP level 6. HP: 45/47 MP: 6/6
  3862 | D:3      | Noticed Sigmund
  3883 | D:3      | Found a runed translucent door.
  3931 | D:3      | Noticed Crazy Yiuf
  4350 | D:4      | Found a staircase to the Ecumenical Temple.
  4515 | D:4      | Noticed Pikel
  4703 | D:5      | Entered Level 5 of the Dungeon
  5297 | D:5      | Reached XP level 7. HP: 43/52 MP: 4/7
  6211 | D:5      | Identified a scroll of acquirement
  6211 | D:5      | Acquired the +3 scimitar "Heva Wiutaa" {elec, Dex+6}
  6587 | D:6      | Noticed a troll
  6597 | D:6      | Killed a troll
  6598 | D:6      | Gained mutation: You may rarely emit foul miasma when
                  | damaged in melee. [demonic ancestry]
  6598 | D:6      | Reached XP level 8. HP: 19/58 MP: 3/8
  7017 | D:6      | Reached *** piety under Dithmenos
  7405 | D:6      | Noticed a troll
  7416 | D:6      | Killed a troll
  7417 | D:6      | Reached skill level 10 in Long Blades
  7688 | D:7      | Reached XP level 9. HP: 63/63 MP: 9/9
  8523 | D:7      | Reached skill level 1 in Crossbows
  8986 | D:8      | Noticed Joseph
  8995 | D:8      | Killed Joseph
  9247 | D:8      | Found Fumuux's Book Shoppe.
  9248 | D:8      | Noticed Prince Ribbit
  9258 | D:8      | Reached skill level 5 in Fighting
  9267 | D:8      | Killed Prince Ribbit
  9268 | D:8      | Reached skill level 5 in Armour
  9268 | D:8      | Gained mutation: You have hooves in place of feet. [demonic
                  | ancestry]
  9268 | D:8      | Reached XP level 10. HP: 37/75 MP: 5/10
 10059 | D:8      | Found a sparkling altar of Nemelex Xobeh.
 10224 | D:8      | Noticed a two-headed ogre
 10228 | D:8      | Killed a two-headed ogre
 10352 | D:8      | Found an ancient bone altar of Kikubaaqudgha.
 10885 | D:9      | Noticed a skeletal warrior
 10897 | D:9      | Killed a skeletal warrior
 10919 | D:9      | Noticed a boulder beetle
 11595 | D:9      | Reached **** piety under Dithmenos
 11962 | D:9      | Gained mutation: You sometimes emit foul miasma when
                  | damaged in melee. [demonic ancestry]
 11962 | D:9      | Reached XP level 11. HP: 61/86 MP: 8/11
 12128 | D:9      | Reached skill level 5 in Evocations
 12281 | D:9      | Killed a boulder beetle
 12289 | D:9      | Paralysed by a floating eye for 3 turns
 13120 | D:9      | Identified the +1 cloak of Niexiod {rElec rPois rF- rC+}
 13157 | D:9      | Found Didiod's Assorted Antiques.
 13167 | D:9      | Found a staircase to the Lair.
 13769 | D:9      | Reached skill level 1 in Slings
 13939 | D:9      | Noticed Maurice
 13949 | D:9      | Killed Maurice
 14531 | D:10     | Entered Level 10 of the Dungeon
 14557 | D:10     | Found Liuwump's Magic Scroll Boutique.
 14563 | D:10     | Bought a scroll of teleportation for 39 gold pieces
 14563 | D:10     | Bought 3 scrolls of blinking for 292 gold pieces
 14563 | D:10     | Bought a scroll of identify for 26 gold pieces
 14563 | D:10     | Bought a scroll of teleportation for 39 gold pieces
 14563 | D:10     | Bought a scroll of enchant armour for 97 gold pieces
 15093 | D:10     | Found Resickig's Demolitions Depot.
 15227 | D:10     | Noticed an eight-headed hydra
 15229 | D:10     | Noticed a centaur warrior
 15748 | D:10     | Noticed a boulder beetle
 15776 | Lair:1   | Entered Level 1 of the Lair of Beasts
 16017 | Lair:1   | Reached ***** piety under Dithmenos
 16021 | Lair:1   | Gained mutation: You are partially covered in sharp spines.
                  | [demonic ancestry]
 16021 | Lair:1   | Reached XP level 12. HP: 45/94 MP: 7/12
 16260 | Lair:1   | Noticed a five-headed hydra
 16287 | Lair:1   | Killed a five-headed hydra
 16556 | Lair:1   | Reached skill level 5 in Slings
 17925 | Lair:2   | Reached skill level 1 in Invocations
 18077 | Lair:2   | Noticed a boulder beetle
 18089 | Lair:2   | Killed a boulder beetle
 18656 | Lair:3   | Reached skill level 5 in Invocations
 18867 | Lair:3   | Noticed a seven-headed hydra
 18895 | Lair:3   | Killed a seven-headed hydra
 19938 | Lair:3   | Found a hole to the Spider Nest.
 20197 | D:10     | Killed an eight-headed hydra
 20276 | D:10     | Killed a boulder beetle
 20277 | D:10     | Reached skill level 10 in Invocations
 20306 | D:10     | Bought a scroll of enchant weapon for 97 gold pieces
 20384 | D:10     | Killed a centaur warrior
 20385 | D:10     | Reached XP level 13. HP: 93/100 MP: 18/20
 20710 | D:3      | Killed Sigmund
 20814 | D:3      | Noticed Grinder
 20823 | D:3      | Killed Grinder
 21185 | D:3      | Found a runed translucent door.
 21191 | D:3      | Killed Crazy Yiuf
 21470 | D:4      | Found a blossoming altar of Fedhas.
 21586 | D:4      | Killed Pikel
 22073 | D:11     | Found Zixav's Antique Armour Emporium.
 22255 | D:11     | Found a staircase to the Orcish Mines.
 22409 | D:11     | Found Ukoogaziu's Antique Armour Boutique.
 22665 | D:11     | Noticed Fannar
 22675 | D:11     | Killed Fannar
 22963 | D:11     | Found Tiru's Jewellery Shop.
 23431 | Orc:1    | Entered Level 1 of the Orcish Mines
 23759 | Orc:1    | Found a runed translucent gate.
 23759 | Orc:1    | Found a runed translucent gate.
 23759 | Orc:1    | Found a runed translucent gate.
 23820 | Orc:1    | Noticed Taurus's ghost (journeyman MiFi)
 24023 | Orc:2    | Entered Level 2 of the Orcish Mines
 25291 | Lair:4   | Noticed Sonja
 25329 | Lair:4   | Killed Sonja
 25329 | Lair:4   | Reached ****** piety under Dithmenos
 25729 | Lair:4   | Identified the ring "Qoghak" {Fly rF+ rC+ Stlth+}
 25760 | Lair:4   | Reached skill level 10 in Evocations
 27819 | Lair:4   | Found a staircase to the Shoals.
 28633 | Lair:5   | You fall into a shaft and drop 1 floor!
 28633 | Lair:6   | Entered Level 6 of the Lair of Beasts
 28641 | Lair:6   | Reached XP level 14. HP: 81/108 MP: 17/22
 29832 | Lair:5   | Identified the -1 pair of gloves of the Slightly Bent
                  | {Stlth+}
 30010 | Lair:5   | Found a staircase to the Slime Pits.
 30425 | Lair:5   | Reached skill level 10 in Fighting
 30626 | Slime:1  | Entered Level 1 of the Pits of Slime
 33817 | Lair:6   | Reached skill level 5 in Shields
 35245 | Lair:6   | Reached skill level 10 in Armour
 35463 | Lair:6   | Reached XP level 15. HP: 116/117 MP: 23/23
 37571 | Orc:1    | Noticed an orc warlord
 38355 | Orc:2    | Found a staircase to the Elven Halls.
 38911 | Orc:2    | Found Raowoej's Magic Scroll Shop.
 39121 | Orc:2    | Noticed an orc warlord
 39488 | Orc:2    | Found Yffeuv's Antique Armour Emporium.
 39929 | Orc:2    | Killed an orc warlord
 40332 | Orc:2    | Found Zaokhyann's Antique Armour Shoppe.
 40333 | Orc:2    | Found Beqaill's Antique Weapon Emporium.
 40583 | Orc:2    | Bought a shiny helmet for 285 gold pieces
 40598 | Orc:2    | Bought a shiny chain mail for 285 gold pieces
 40693 | Orc:2    | Bought a scroll of teleportation for 33 gold pieces
 40693 | Orc:2    | Bought a scroll of poison for 38 gold pieces
 40693 | Orc:2    | Bought 2 scrolls of teleportation for 66 gold pieces
 40693 | Orc:2    | Bought a scroll of enchant armour for 82 gold pieces
 40693 | Orc:2    | Bought 3 scrolls of teleportation for 99 gold pieces
 40693 | Orc:2    | Bought a scroll of identify for 22 gold pieces
 40693 | Orc:2    | Bought a scroll of identify for 22 gold pieces
 40693 | Orc:2    | Bought a scroll of identify for 22 gold pieces
 40768 | D:10     | Bought a scroll of magic mapping for 45 gold pieces
 40768 | D:10     | Bought a scroll of magic mapping for 45 gold pieces
 41916 | D:13     | Found a shadowy altar of Dithmenos.
 42353 | D:13     | Reached skill level 10 in Shields
 42377 | D:13     | Noticed Josephine
 42386 | D:13     | Killed Josephine
 42611 | D:13     | Reached skill level 10 in Slings
 43293 | D:14     | Noticed Louise
 43301 | D:14     | Killed Louise
 44321 | D:14     | Noticed Frances
 44332 | D:14     | Killed Frances
 44569 | D:14     | Found a gate to the Vaults.
 44629 | D:14     | Found Bing's Assorted Antiques.
 45552 | D:14     | Found a transporter.
 45553 | D:14     | Found a transporter.
 45669 | D:14     | Bought a scroll labelled CUOQEKUZUS for 39 gold pieces
 45673 | D:14     | Bought a potion of heal wounds for 195 gold pieces
 45815 | D:14     | Found a transporter.
 45818 | D:14     | Found a transporter.
 45857 | D:14     | Found a transporter.
 45861 | D:14     | Found a transporter.
 45919 | D:15     | Entered Level 15 of the Dungeon
 46518 | D:15     | Found a staircase to the Depths.
 46906 | D:15     | Gained mutation: Your movements are less encumbered by
                  | armour. (ER -4) [demonic ancestry]
 46906 | D:15     | Reached XP level 16. HP: 103/115 MP: 20/24
 48453 | Spider:1 | Entered Level 1 of the Spider Nest
 49847 | Spider:1 | Reached skill level 1 in Dodging
 50563 | Spider:2 | Noticed Arachne
 50601 | Spider:2 | Killed Arachne
 51647 | Spider:2 | Reached skill level 5 in Dodging
 53433 | Spider:4 | Entered Level 4 of the Spider Nest
 55822 | Spider:4 | Gained mutation: You are mostly covered in sharp spines.
                  | [demonic ancestry]
 55822 | Spider:4 | Reached XP level 17. HP: 105/133 MP: 18/25
 60378 | Spider:4 | Reached skill level 15 in Long Blades
 61192 | Spider:4 | Got a gossamer rune of Zot
 61678 | D:14     | Bought a scroll of blinking for 292 gold pieces
 61885 | Shoals:1 | Entered Level 1 of the Shoals
 62403 | Vaults:1 | Entered Level 1 of the Vaults
 62511 | Vaults:1 | Noticed Nikola
 62525 | Vaults:1 | Killed Nikola
 63626 | Vaults:1 | Gained mutation: You frequently emit foul miasma when
                  | damaged in melee. [demonic ancestry]
 63626 | Vaults:1 | Reached XP level 18. HP: 113/143 MP: 22/26
 64335 | Vaults:1 | Found Gebleka's Assorted Antiques.
 65864 | Vaults:2 | Found a staircase to the Crypt.
 65864 | Vaults:2 | Found an ancient bone altar of Kikubaaqudgha.
 65865 | Vaults:2 | Found a basalt altar of Yredelemnul.
 66303 | Vaults:2 | HP: 6/143 [orc warlord/+0 great sword (28)]
 69370 | Vaults:2 | Found Jotiec's General Store.
 69380 | Vaults:2 | Bought a scroll of enchant weapon for 105 gold pieces
 69380 | Vaults:2 | Bought a scroll of enchant armour for 105 gold pieces
 72493 | Vaults:3 | Gained mutation: Your presence sometimes corrodes those you
                  | injure. [demonic ancestry]
 72493 | Vaults:3 | Reached XP level 19. HP: 140/153 MP: 24/27
 72691 | Vaults:3 | Noticed Margery
 73965 | Vaults:3 | Killed Margery
 77971 | Vaults:4 | Identified the +11 chain mail of the Camelopard {Int+4}
 78015 | Vaults:5 | Entered Level 5 of the Vaults
 78299 | Elf:1    | Entered Level 1 of the Elven Halls
 78584 | Elf:1    | Found Ytiseihi's Magic Scroll Emporium.
 78592 | Elf:1    | Paralysed by an air elemental for 1 turns
 78788 | Elf:1    | Bought a scroll of teleportation for 42 gold pieces
 78788 | Elf:1    | Bought a scroll of teleportation for 42 gold pieces
 78938 | Elf:1    | Found Sausagib's Book Shoppe.
 79002 | Elf:1    | Found Lileukit's Antique Weapon Emporium.
 79003 | Elf:1    | Found Sethugh's Jewellery Boutique.
 79009 | Elf:1    | Identified the +5 rapier of the Heart {speed, Will+ MP+9
                  | Dex+2}
 79600 | Elf:1    | Got the Compendium of Attacks
 79941 | Elf:1    | Found Icynuedd's Book Shoppe.
 80329 | Elf:2    | Found Leirann's Self-Improvement Boutique.
 80430 | Elf:2    | Found Avedof's Armour Boutique.
 80544 | Elf:2    | Found a runed translucent gate.
 80544 | Elf:2    | Found a runed translucent gate.
 80545 | Elf:2    | Found a runed translucent gate.
 80824 | Elf:2    | Found a gateway to a bazaar.
 80834 | Bazaar   | Entered a bazaar
 80854 | Bazaar   | Found Hinomoral's Assorted Antiques.
 80854 | Bazaar   | Found Teitiot's General Store.
 80875 | Bazaar   | Found Adusaf's Magic Scroll Emporium.
 80875 | Bazaar   | Found Icenue's Antique Weapon Shoppe.
 80898 | Bazaar   | Found Ecyll's General Store.
 80914 | Bazaar   | Found Lailiush's Armour Emporium.
 80914 | Bazaar   | Found Sakublia's Assorted Antiques.
 80925 | Bazaar   | Bought a potion of heal wounds for 95 gold pieces
 80925 | Bazaar   | Bought a potion of heal wounds for 95 gold pieces
 80925 | Bazaar   | Bought a scroll labelled QEJ LEARIKA for 19 gold pieces
 80972 | Bazaar   | Bought a scroll of fear for 42 gold pieces
 80972 | Bazaar   | Bought a scroll of magic mapping for 42 gold pieces
 80972 | Bazaar   | Bought a scroll of magic mapping for 42 gold pieces
 80986 | Bazaar   | Bought a scroll of summoning for 152 gold pieces
 80986 | Bazaar   | Bought a scroll of blinking for 120 gold pieces
 82071 | Shoals:1 | Reached XP level 20. HP: 160/160 MP: 28/28
 82203 | Shoals:1 | Found Zusoiv's Distillery.
 83014 | Shoals:2 | Found Ahuotag's Assorted Antiques.
 83511 | Shoals:2 | Found Wuufog's Visitors' Centre.
 83511 | Shoals:2 | Found Wuufog's Merfolk Weapons.
 83553 | Shoals:2 | Found Wuufog's Merfolk Armours.
 83553 | Shoals:2 | Found Wuufog's Merfolk Magic.
 83919 | Shoals:4 | Entered Level 4 of the Shoals
 84237 | Shoals:3 | Noticed Polyphemus
 85407 | Shoals:4 | Reached skill level 15 in Slings
 87098 | Shoals:4 | Noticed Donald
 87112 | Shoals:4 | Killed Donald
 87649 | Shoals:4 | Identified the ring of Xil Ixt {rC+ rN++ rCorr Dex+6
                  | Slay-2}
 87863 | Shoals:4 | Got a barnacled rune of Zot
 88510 | Shoals:4 | Identified the +7 trident "Huneicoa" {vorpal, *Slow rElec
                  | rN+}
 89242 | Orc:1    | Killed Taurus's ghost
 89371 | D:15     | Learned a level 2 spell: Passwall
 89401 | Depths:1 | Entered Level 1 of the Depths
 89536 | Depths:1 | Found a stormy altar of Qazlal.
 90033 | Depths:1 | Found a one-way gateway to a ziggurat.
 90174 | Depths:1 | Paralysed by a vampire knight for 5 turns
 90179 | Depths:1 | HP: 8/160 [vampire knight/+3 war axe (6)]
 90186 | Depths:1 | Slain by a vampire knight

Illustrated notes

Levels and vault maps discovered:
D:1:      minmay_arrival_wavy_path, layout_basic,
          shapermc_ecumenical_altar_petra, minmay_tree_intersection
D:2:      layout_basic, basic_altar, minmay_fractal_squares_gapless_5,
          uniq_jessica, uniq_terence
D:3:      layout_basic, portal_sewer_entry_f, hangedman_decor_diamond_cutter,
          uniq_grinder, uniq_sigmund, uniq_crazy_yiuf_cottage
D:4:      layout_rooms, fedhas_altar_4, minmay_temple_entry_mist,
          minmay_a_box_with_orc_wizards_in_it, uniq_pikel
D:5:      layout_loops_ring, serial_bayou_pond_c, minmay_checkerbox
D:6:      layout_rooms, hex_medium
D:7:      layout_loops_corners
D:8:      layout_loops_ring, mainiacjoe_overflow_swirl, serial_shops,
          nicolae_diamond_shop, uniq_prince_ribbit1, uniq_joseph
D:9:      layout_irregular_city, erik_lair_island, serial_ice, serial_ice_k,
          serial_ice_o, serial_ice_h, serial_ice_f, serial_shops,
          nicolae_take_the_stairs, hangedman_abyss_or_decor_passed,
          minivault_20, onia_ninara_cookie, uniq_maurice
D:10:     layout_roguey, serial_shops, nicolae_stop_n_shop_1,
          nicolae_blasting_shop, kb_rosetta
D:11:     layout_loops_corners, hiddenorc1_lemuel, serial_shops,
          nicolae_shop_statue_plus, nicolae_lakefront_shop,
          nicolae_diamond_shop, uniq_fannar
D:12:     layout_roguey, st_stairs_10
D:13:     layout_loops_ring, nicolae_dithmenos_through_a_glass_darkly,
          uniq_josephine
D:14:     layout_loops_ring, erik_vaults_1, nicolae_cairo_tiling_large,
          serial_shops, nicolae_shop_statue_plus, serial_nicolae_subway,
          nicolae_sub_station_metal, nicolae_sub_station_crystal,
          nicolae_sub_station_stone, uniq_frances, uniq_louise
D:15:     hangedman_depths_entry_civil_slaughter, layout_irregular_city,
          serial_bayou_pond_b
Lair:1:   layout_roguey, serial_bayou_lagoon_b, serial_bayou_shore_a,
          infiniplex_staircase_pool_2, lemuel_fruit_tree
Lair:2:   layout_regular_city, portal_ice_cave_entry_ice_simulacra,
          grunt_megastairs_4
Lair:3:   layout_cave_pods, spider_nest_entry_funnel_web, serial_bayou,
          serial_bayou_lake_a, serial_bayou_crossing, serial_bayou_pond_a,
          serial_bayou_pond_d, serial_bayou_shore_b
Lair:4:   wander_river, layout_cave_pods, elwin_shoals_entry_rocks,
          kennysheep_rathole, serial_bayou_shore_b, uniq_sonja
Lair:5:   layout_loops_ring, minmay_slime_entry_pillars, minivault_26
Lair:6:   due_jungle_book, layout_regular_city, guppyfry_lair_drakes,
          serial_bayou_shore_b, grunt_megastairs_1
Shoals:1: layout_shoals, serial_shops, nicolae_square_shop,
          nicolae_shoals_water_booths
Shoals:2: nicolae_shoals_mermall, layout_shoals, serial_shops,
          nicolae_shop_crystal
Shoals:3: layout_shoals, uniq_polyphemus
Shoals:4: shoals_end_hangedman, layout_shoals, nicolae_shoals_undead_eyrie,
          uniq_donald
Spider:1: layout_spider_delve
Spider:2: layout_spider_delve, uniq_arachne
Spider:3: nicolae_spider_hilbert_zone_6 [nicolae_spider_hilbert_4_sides_1_open,
          nicolae_spider_hilbert_4_sides_1_open,
          nicolae_spider_hilbert_4_sides_1_open,
          nicolae_spider_hilbert_4_sides_1_open,
          nicolae_spider_hilbert_4_sides_1_open,
          nicolae_spider_hilbert_4_sides_1_open,
          nicolae_spider_hilbert_4_sides_1_open]
Spider:4: spider_rune_water, nicolae_orb_stairs
Slime:1:  layout_caves
Orc:1:    layout_caves, ebering_ghost_rock_garden
Orc:2:    grunt_orc_community_town_hall, layout_diamond_mine,
          grunt_orc_community_big_house_2, grunt_orc_community_big_house_2,
          grunt_orc_community_house_2, grunt_orc_community_house_1,
          grunt_orc_community_house_2, grunt_orc_community_house_2,
          grunt_orc_community_house_2, grunt_orc_community_house_2
Elf:1:    eino_elf_arrival_the_gate, layout_gridlike, serial_shops,
          nicolae_shop_advertising_works [nicolae_subvault_shop_adworks], shop,
          shop, shop_fountains, nicolae_shop_temple_entry_statues_fountains,
          minmay_elf_annihilation, hex_intersection
Elf:2:    nicolae_elf_blades_splatter_lattice
          [nicolae_blade_entry_diamond_columns], layout_geoelf_diagonals,
          serial_shops, statue_bzr, shop, minmay_misc_feat_ornament,
          minivault_27, nicolae_shop_self_help
Vaults:1: mu_enter_wizlab_5, v_misc_27, nicolae_vaults_theta,
          nicolae_vaults_little_squares_4, ontoclasm_vaults_decontamination,
          vaults_room_fancy_cross, nicolae_vaults_specimen_jars,
          hangedman_vaults_nails, grunt_vaults_trifunnel,
          nicolae_vaults_circle_grid_b, v_misc_13, v_misc_25,
          hangedman_vaults_river_flow, layout_vaults_maze_bifur, serial_shops,
          nicolae_shop_trees, uniq_nikola
Vaults:2: grunt_vaults_hallway_short, vaults_room_stairs_pillars,
          vaults_standard_mumra_x, minmay_crypt_entry_necro_gods,
          v_alt_pattern_3, nicolae_vaults_little_squares_3,
          grunt_vaults_hallway_long, v_misc_12, hangedman_vaults_locks,
          nicolae_vaults_mini_display_case, dpeg_vaults_monster_box,
          ontoclasm_vaults_gateway, nicolae_vaults_alarming,
          layout_vaults_chaotic_city, serial_shops, nicolae_shop_hallway_plus
Vaults:3: vaults_room_door_hall, nicolae_vaults_little_squares_3,
          vaults_room_corners, vaults_room_stairs_pillars, v_pattern_3,
          v_misc_24, vaults_mumra_hexcomb, ontoclasm_vaults_ring_small,
          nicolae_vaults_diagonal_hallway_7, hangedman_vaults_restitches,
          layout_vaults_quadrants, uniq_margery
Vaults:4: grunt_vaults_hallway_short, vaults_room_door_hall, vaults_room_grid,
          nicolae_vaults_network_star, vaults_room_door_ring,
          nicolae_vaults_shelves_hall, v_misc_18,
          nicolae_vaults_little_squares_5, hangedman_vaults_corner_blocks,
          ontoclasm_vaults_chip, layout_vaults_ring
Vaults:5
Depths:1: minmay_the_grid_3x3 [minmay_the_grid_slots,
          minmay_the_grid_minigrid_small_alt, minmay_the_grid_eight,
          minmay_the_grid_paths, minmay_the_grid_box_x,
          minmay_the_grid_outer_circle, minmay_the_grid_rooms,
          minmay_the_grid_spin_star, minmay_the_grid_prize_shrinking_boxes],
          layout_gridlike, enter_ziggurat_d, grunt_metal_band,
          hangedman_decor_push, nicolae_qazlal_general_emergency

Skill      XL: |  1  2  3  4  5  6  7  8  9 10 11 12 13 14 15 16 17 18 19 20 |
---------------+-------------------------------------------------------------+-----
Long Blades    | 2 3 4 5 7 8 10 11 12 13 15 | 15.0
Throwing       | 2 |  2.0
Evocations     | 2 4 5 10 14 | 14.1
Crossbows      | 3 |  3.0
Armour         | 5 7 8 10 12 13 14 | 14.0
Fighting       | 5 8 9 11 13 14 | 14.7
Slings         | 4 7 9 11 12 13 14 15 | 15.0
Shields        | 4 7 10 12 14 | 14.6
Invocations    | 10 11 | 11.4
Dodging        | 9 |  9.9

Action                   |  1- 3 |  4- 6 |  7- 9 | 10-12 | 13-15 | 16-18 | 19-21 || total
-------------------------+-------+-------+-------+-------+-------+-------+-------++-------
Melee: Long sword        |   107 |   205 |    28 |       |       |       |       ||   340
       Kick              |    19 |    53 |    36 |   133 |   303 |   491 |   271 ||  1306
       Scimitar          |       |       |   106 |   328 |   629 |   929 |   497 ||  2489
       Rapier            |       |       |       |     4 |       |       |       ||     4
       Dagger            |       |       |       |     3 |       |       |       ||     3
       Fustibalus        |       |       |       |       |     2 |     2 |     2 ||     6
 Fire: Hand crossbow     |       |       |    30 |    88 |       |       |       ||   118
       Fustibalus        |       |       |       |   170 |   744 |   797 |   766 ||  2477
Throw: Stone             |    27 |    12 |     4 |       |       |       |       ||    43
       Dart              |     3 |    10 |    11 |       |       |       |       ||    24
       Throwing net      |       |       |       |       |       |     1 |       ||     1
Invok: Shadow Form       |       |       |       |       |     3 |     4 |     7 ||    14
       Shadow Step       |       |       |       |       |       |     1 |     2 ||     3
 Abil: End Transformatio |       |       |       |       |     1 |     1 |     1 ||     3
Evoke: Wand              |       |       |    21 |    54 |    57 |    24 |     3 ||   159
       Condenser vane    |       |       |       |     2 |     7 |     9 |     8 ||    26
       Box of beasts     |       |       |       |       |       |     8 |     6 ||    14
       Phial of floods   |       |       |       |       |       |     1 |     4 ||     5
       Lightning rod     |       |       |       |       |       |       |     4 ||     4
       Tin of tremorston |       |       |       |       |       |       |     4 ||     4
  Use: Potion            |     1 |     2 |     2 |     7 |     7 |    22 |     2 ||    43
       Scroll            |     1 |     7 |     4 |    17 |    36 |    27 |     9 ||   101
 Stab: Paralysed         |       |       |       |    14 |       |     2 |       ||    16
       Invisible         |       |       |       |     1 |     4 |       |       ||     5
       Distracted        |       |       |       |       |       |     4 |     2 ||     6
       Held in net/web   |       |       |       |       |       |     1 |       ||     1
       Sleeping          |       |       |       |       |       |     1 |       ||     1
Armor: Scale mail        |    68 |    18 |       |       |       |       |       ||    86
       Plate armour      |       |   138 |    58 |   257 |   169 |       |       ||   622
       Chain mail        |       |       |       |       |   374 |   673 |   252 ||  1299
Dodge: Dodged            |    56 |   107 |    33 |   169 |   308 |   801 |   401 ||  1875
Block: Buckler           |    28 |    53 |    43 |   155 |   163 |       |       ||   442
       Kite shield       |       |       |       |       |   245 |  1121 |   892 ||  2258
       Reflection        |       |       |       |       |       |       |    69 ||    69

Table legend: (Time is in decaauts)
 A = Elapsed time spent in this place.
 B = Non-inter-level travel time spent in this place.
 C = Inter-level travel time spent in this place.
 D = Time resting spent in this place.
 E = Time spent auto-exploring this place.
 F = Levels seen in this place.
 G = Mean time per level.
                   A        B        C        D        E       F      G
               +--------+--------+--------+--------+--------+-----+--------+
         Total |  90682 |  85174 |   5508 |  43283 |  27190 |  42 | 2159.1 |
       Dungeon |  28188 |  25476 |   2712 |  11412 |   9525 |  15 | 1879.2 |
          Lair |  17380 |  16098 |   1282 |   8578 |   5225 |   6 | 2896.7 |
        Shoals |   7185 |   6957 |    228 |   2534 |   2821 |   4 | 1796.2 |
   Spider Nest |  12910 |  12645 |    265 |   7924 |   2838 |   4 | 3227.5 |
    Slime Pits |     10 |     10 |      0 |      0 |      0 |   1 |   10.0 |
  Orcish Mines |   4725 |   4373 |    352 |   2586 |    941 |   2 | 2362.5 |
   Elven Halls |   2982 |   2854 |    128 |    771 |   1489 |   2 | 1491.0 |
        Vaults |  15718 |  15180 |    538 |   8704 |   4032 |   5 | 3143.6 |
        Depths |    776 |    776 |      0 |    302 |    195 |   1 |  776.0 |
        Bazaar |    204 |    204 |      0 |      0 |     61 |   1 |  204.0 |
         Sewer |    600 |    600 |      0 |    470 |     62 |   1 |  600.0 |
               +--------+--------+--------+--------+--------+-----+--------+

Top non-repeatable levels by time:
Vaults:2: 5772 daAuts
  Lair:6: 5232 daAuts
Spider:3: 4662 daAuts
  Lair:4: 4046 daAuts
Vaults:3: 3827 daAuts
Vaults:1: 3710 daAuts
Spider:4: 3440 daAuts
Shoals:4: 3202 daAuts
     D:8: 3096 daAuts
   Orc:2: 2974 daAuts
     D:9: 2893 daAuts
Spider:2: 2717 daAuts
    D:14: 2678 daAuts
  Lair:5: 2481 daAuts
Vaults:4: 2406 daAuts
